 Dungeon Crawl Stone Soup version 0.23-a0-814-g91b4073 (console) character file.

168 bli the Insei (level 5, -8/37 HPs)
             Began as a Demonspawn Transmuter on Jan 21, 2019.
             Was a Follower of Wu Jian.
             Mangled by a gnoll
             ... wielding a +0 whip of electrocution
              (15 damage)
             ... on level 4 of the Dungeon.
             The game lasted 00:10:08 (2630 turns).

bli the Insei (Demonspawn Transmuter)               Turns: 2630, Time: 00:10:08

Health: -8/37      AC:  4    Str: 10    XL:     5   Next: 24%
Magic:  8/8        EV: 12    Int: 15    God:    Wu Jian [*.....]
Gold:   92         SH:  0    Dex: 14    Spells: 7/8 levels left

rFire    . . .     SeeInvis .     - Unarmed
rCold    . . .     Gourm    .   (no shield)
rNeg     + . .     Faith    .   b - +0 robe
rPois    .         Spirit   .   (helmet restricted)
rElec    .         Reflect  .   (no cloak)
rCorr    .         Harm     .   (no gloves)
MR       .....                  (no boots)
Stlth    +.........             o - amulet of magic regeneration
HPRegen  0.12/turn              z - ring of wizardry
MPRegen  0.36/turn              t - ring of positive energy

@: no status effects
A: antennae 1, icy blue scales 1
a: Renounce Religion


You were on level 4 of the Dungeon.
You worshipped Wu Jian.
Wu Jian was aware of your devotion.
You were not hungry.

You visited 1 branch of the dungeon, and saw 4 of its levels.

You collected 92 gold pieces.

Inventory:

Hand Weapons
 u - a +0 hunting sling
Missiles
 a - 81 arrows
 p - 31 stones (quivered)
 y - 7 javelins of penetration
 E - 28 sling bullets
Armour
 b - a +0 robe (worn)
 c - a +0 cloak
Jewellery
 o - an amulet of magic regeneration (around neck)
 r - an uncursed ring of ice
 t - a ring of positive energy (right hand)
 z - a ring of wizardry (left hand)
 D - a +3 ring of evasion {unknown}
Wands
 w - a wand of polymorph (10)
 A - a wand of iceblast (8)
Scrolls
 e - 6 scrolls of identify {unknown}
 g - a scroll of magic mapping {unknown}
 i - a scroll of blinking {unknown}
 l - 4 scrolls of remove curse {unknown}
 m - 2 scrolls of fog {unknown}
 n - 2 scrolls of teleportation {unknown}
 q - 2 scrolls of immolation {unknown}
 x - a scroll of enchant weapon {unknown}
 C - a scroll of amnesia {unknown}
Potions
 f - a potion of haste {unknown}
 h - a potion of berserk rage {unknown}
 j - a potion of might {unknown}
 k - 2 potions of curing {unknown}
 s - 2 potions of invisibility {unknown}
 v - a potion of ambrosia {unknown}
Comestibles
 d - 8 rations


   Skills:
 + Level 1.1 Fighting
 + Level 2.2 Dodging
 * Level 5.1 Unarmed Combat
 - Level 2.0 Spellcasting
 - Level 2.0 Transmutations


You had 7 spell levels left.
You knew the following spells:

 Your Spells              Type           Power        Failure   Level  Hunger
a - Beastly Appendage     Tmut           #.....       4%          1    #......

Your spell library contained the following spells:

 Spells                   Type           Power        Failure   Level  Hunger
 Sticks to Snakes         Tmut           #.......     6%          2    ###....
 Spider Form              Tmut/Pois      #.........   17%         3    ###....
 Ice Form                 Ice/Tmut       #.......     47%         4    #####..
 Blade Hands              Tmut           #.........   69%         5    ######.


Dungeon Overview and Level Annotations

Branches:
Dungeon (4/15)
 Temple: D:4-7

Altars:
Gozag
Qazlal
Sif Muna
Wu Jian


Innate Abilities, Weirdness & Mutations

You have a pair of small antennae on your head.
You are partially covered in icy blue scales. (AC +2)


Message History

You spin and attack the gnoll.
You closely miss the gnoll. Your kick misses the gnoll.
The gnoll is moderately wounded.
The gnoll closely misses you.
You spin and attack the gnoll.
You punch the gnoll! You punch the gnoll.
The gnoll is almost dead.
You hit the gnoll.
You kill the gnoll!
The Council accepts your kill.
You hit the gnoll.
The gnoll is almost dead.
The gnoll barely misses you.
You closely miss the gnoll.
The gnoll is almost dead.
You hit the gnoll. You claw the gnoll, but do no damage.
The gnoll is almost dead.
Your talons disappear.
The gnoll hits you with a +0 whip of electrocution.
* * * LOW HITPOINT WARNING * * *
You are electrocuted!
You die...

#............#........รท..#.#....
#.........#.........#.....##....
#..###...##..[......##..........
####.....##.........#...#...#...
##.....#.............##..#..#
####>........##............#
##.........#.....###.....
####............#... ##..##
#........)......#... #<.#
#..###..##g...............# #..
#..#.@..#..#.#...#...# #.
#...#...# ## #..##.#.. ##
#....#...... #.# ..#.#
###.........#... #....
##...##...... ..... .... (....
##. . .... .(... ###.. ....


You could see a gnoll.

Vanquished Creatures
  Jessica (D:2)
  2 worker ants
  2 gnolls (D:4)
  An adder (D:2)
  An adder skeleton (D:4)
  A worm (D:2)
  4 dart slugs
  A leopard gecko (D:3)
  5 orcs (D:3)
  A ball python (D:1)
  2 giant cockroaches
  3 goblins
  7 hobgoblins
  3 bats
  A frilled lizard (D:4)
  6 kobolds
  9 rats
50 creatures vanquished.

Vanquished Creatures (others)
  A rat (D:3)
1 creature vanquished.

Grand Total: 51 creatures vanquished

Notes
Turn   | Place    | Note
-------+----------+-------------------------------------------
     0 | D:1      | bli the Demonspawn Transmuter began the quest for the Orb.
     0 | D:1      | Reached XP level 1. HP: 15/15 MP: 3/3
    56 | D:1      | Reached skill level 3 in Unarmed Combat
   175 | D:1      | Gained mutation: You are partially covered in icy blue
                  | scales. (AC +2) [demonic ancestry]
   175 | D:1      | Reached XP level 2. HP: 15/21 MP: 3/5
   828 | D:2      | Found an opulent altar of Gozag.
   947 | D:2      | Found an ornate altar of the Wu Jian Council.
   953 | D:2      | Became a worshipper of the Wu Jian Council
  1100 | D:2      | Reached XP level 3. HP: 20/26 MP: 6/6
  1157 | D:2      | Found a stormy altar of Qazlal.
  1219 | D:2      | Found a deep blue altar of Sif Muna.
  1324 | D:2      | Noticed Jessica
  1338 | D:2      | Killed Jessica
  1338 | D:2      | Reached skill level 4 in Unarmed Combat
  1338 | D:2      | Lost mutation: You have a pair of horns on your head.
                  | [demonic ancestry]
  1338 | D:2      | Lost mutation: You have a pair of small horns on your head.
                  | [demonic ancestry]
  1338 | D:2      | Gained mutation: You have a pair of small antennae on your
                  | head. [demonic ancestry]
  1338 | D:2      | Reached XP level 4. HP: 23/32 MP: 7/7
  2215 | D:3      | Reached * piety under Wu Jian
  2341 | D:4      | Reached XP level 5. HP: 13/37 MP: 8/8
  2360 | D:4      | Reached skill level 5 in Unarmed Combat
  2630 | D:4      | Mangled by a gnoll

Vault maps used:
D:1:      minmay_arrival_diagonal_passages, minmay_misc_feat_doors,
          minmay_misc_feat_rugged, item_on_display_a
D:2:      nicolae_qazlal_eye_of_the_storm, overflow_temple_1_default,
          nicolae_overflow_hidden_temple, lemuel_blue_sif_altar, first_ration,
          uniq_jessica
D:3:      lemuel_old_faithful

Skill      XL: |  1  2  3  4  5 |
---------------+----------------+-----
Unarmed Combat | 3 4 5 |  5.1
Dodging        | 2 |  2.2
Transmutations | 2 |  2.0
Fighting       | |  1.1
Spellcasting   | |  2.0

Action                   |  1- 3 |  4- 6 || total
-------------------------+-------+-------++-------
Melee: Unarmed           |    91 |    99 ||   190
       Headbutt          |    11 |       ||    11
       Kick              |     5 |    13 ||    18
       Punch             |     2 |     2 ||     4
Throw: Stone             |       |     3 ||     3
 Cast: Beastly Appendage |    15 |    12 ||    27
Invok: Lunge             |    11 |    16 ||    27
       Whirlwind         |       |    15 ||    15
 Stab: Sleeping          |       |     1 ||     1
  Eat: Chunk             |     2 |     4 ||     6
Armor: Robe              |    22 |    13 ||    35
Dodge: Dodged            |    43 |    40 ||    83

Table legend:
 A = Non-vault XP
 B = Vault XP
 C = Vault XP percentage of total XP
 D = Non-vault monster count
 E = Vault monster count
 F = Vault count percentage of total count
                 A         B        C        D         E       F
            +---------+---------+-------+---------+---------+-------
      Total |     204 |      37 |  15.4 |      49 |       1 |   2.0
            +---------+---------+-------+---------+---------+-------
        D:1 |      21 |       0 |   0.0 |      10 |       0 |   0.0
        D:2 |      49 |      37 |  43.0 |      19 |       1 |   5.0
        D:3 |      64 |       0 |   0.0 |      15 |       0 |   0.0
        D:4 |      70 |       0 |   0.0 |       5 |       0 |   0.0
            +---------+---------+-------+---------+---------+-------
